 Dungeon Crawl Stone Soup version 0.29-a0-789-g7a8fcbc185 (webtiles) character file.

Game seed: 10968610398436652295

159 nicolae the Insei (level 5, -2/61 HPs)
             Began as a Gnoll Transmuter on July 2, 2022.
             Succumbed to a scorpion's poison
             ... on level 4 of the Dungeon.
             The game lasted 00:06:11 (3416 turns).

nicolae the Insei (Gnoll Transmuter)                Turns: 3416, Time: 00:06:11

Health: -2/61      AC: 22    Str:  9    XL:     5   Next: 40%
Magic:  12/12      EV:  2    Int: 15    God:
Gold:   160        SH:  0    Dex: 12    Spells: 4/14 levels left

rFire   . . .      SeeInvis .     - Unarmed
rCold   . . .      Faith    .   (no shield)
rNeg    . . .      Spirit   .   (body armour currently unavailable)
rPois   +          Reflect  .   (helmet currently unavailable)
rElec   .          Harm     .   (cloak currently unavailable)
rCorr   .          Rampage  .   (gloves currently unavailable)
Will    .....      NoTele   +   (boots currently unavailable)
Stlth   ++........              (no amulet)
HPRegen 0.20/turn               (no ring)
MPRegen 0.13/turn               (no ring)

@: lethally poisoned (-2 -> -17), tree-form
A: stationary, stasis, torment immunity, boosted hp, (fangs 1), strong nose,
distributed training
a: no special abilities


You were on level 4 of the Dungeon.
You were a tree.
You visited 1 branch of the dungeon, and saw 4 of its levels.

You collected 255 gold pieces.
You spent 95 gold pieces at shops.

Inventory:

Missiles
 g - 4 javelins
Armour
 a - a +0 robe (melded)
 e - a +0 helmet (melded)
 k - a scarf of repulsion (melded)
Scrolls
 c - a scroll of teleportation {unknown}
 f - 2 scrolls of magic mapping
 h - 2 scrolls of noise {unknown}
 j - a scroll of enchant weapon {unknown}
 m - a scroll of amnesia {unknown}
 p - a scroll of immolation {unknown}
Potions
 i - a potion of attraction
 l - a potion of haste


   Skills:
 + Level 3.0 Fighting
 + Level 1.5 Short Blades
 + Level 1.5 Long Blades
 + Level 1.5 Axes
 + Level 1.5 Maces & Flails
 + Level 1.5 Polearms
 + Level 1.5 Staves
 + Level 1.5 Ranged Weapons
 + Level 1.5 Throwing
 + Level 1.5 Armour
 + Level 4.8 Dodging
 + Level 1.5 Stealth
 + Level 1.5 Shields
 + Level 6.7 Unarmed Combat
 + Level 5.2 Spellcasting
 + Level 1.2 Conjurations
 + Level 1.2 Hexes
 + Level 1.2 Summonings
 + Level 1.2 Necromancy
 + Level 1.2 Translocations
 + Level 4.0 Transmutations
 + Level 1.2 Fire Magic
 + Level 1.2 Ice Magic
 + Level 1.2 Air Magic
 + Level 1.2 Earth Magic
 + Level 1.2 Poison Magic
 + Level 1.7 Invocations
 + Level 1.5 Evocations


You had 4 spell levels left.
You knew the following spells:

 Your Spells              Type           Power      Damage    Failure   Level
a - Beastly Appendage     Tmut           30%        N/A       3%          1
b - Wereblood             Tmut           15%        N/A       4%          2
c - Spider Form           Tmut/Pois      11%        N/A       16%         3
d - Ice Form              Ice/Tmut       11%        N/A       47%         4

Your spell library contained the following spells:

 Spells                   Type           Power      Damage    Failure   Level
 Ignite Poison            Fire/Tmut/Pois 10%        N/A       21%         3
 Conjure Flame            Conj/Fire      7%         6-21      28%         3
 Sticky Flame             Conj/Fire      7%         2d3       67%         4


Dungeon Overview and Level Annotations

Branches:
Dungeon (4/15)
 Temple: D:4-7

Altars:
Nemelex Xobeh

Shops:
D:2 ?


Innate Abilities, Weirdness & Mutations

You are a tree.
Your roots penetrate the ground, keeping you stationary.
You cannot be teleported.
You are immune to unholy pain and torment.
Your maximum health is greatly increased.
Your equipment is partially melded.
((You have very sharp teeth.))
Your uncanny sense of smell can sniff out nearby items.
Your experience applies equally to all skills.


Message History

You feel sick. The scorpion stings you.
You hit the scorpion. You claw the scorpion.
The scorpion is almost dead.
You feel sick. The scorpion stings you!
You are lethally poisoned!
The scorpion poisons you!
You barely miss the scorpion.
You claw the scorpion, but do no damage.
Your headbutt misses the scorpion.
The scorpion is almost dead.
* * * LOW HITPOINT WARNING * * *
You feel very sick. The scorpion misses you.
You feel better. The scorpion completely misses you. The scorpion stings you.
You are lethally poisoned!
The scorpion poisons you! The scorpion attacks as you move away!
The scorpion barely misses you.
* * * LOW HITPOINT WARNING * * *
You feel very sick.
You barely miss the scorpion.
The scorpion is almost dead.
* * * LOW HITPOINT WARNING * * *
You feel sick. The scorpion stings you.
* * * LOW HITPOINT WARNING * * *
You are more poisoned.
The scorpion poisons you!
Really quaff the potion of lignification?
Your horns disappear.
Your talons disappear.
Your +0 helmet unmelds from your body.
You turn into a tree.
Your scarf of repulsion melds into your body.
Your +0 helmet melds into your body.
Your +0 robe melds into your body.
The haze of the repulsion field disappears.
Your roots penetrate the ground.
* * * LOW HITPOINT WARNING * * *
You feel very sick.
The scorpion stings you but does no damage.
You barely miss the scorpion.
The scorpion is almost dead.
You die...

#####
########.....#
#..♣s.........
#.#####......#
#.# ......#
#.# ......#
#.### ......#
#...# ......#
###...##
......#
#......#
......#
#......#


You could see a scorpion.

Vanquished Creatures
  Jessica (D:3)
  Terence (D:3)
  Robin (D:3)
  2 adders (D:2)
  2 worms (D:2)
  A dart slug (D:1)
  An orc (D:3)
  2 bats (D:2)
  5 endoplasms
  7 giant cockroaches
  13 goblins
  8 hobgoblins
  6 kobolds
  3 quokkas
  3 ball pythons
  4 frilled lizards
  9 rats
69 creatures vanquished.

Vanquished Creatures (others)
  2 fungi (D:3)
  2 plants (D:3)
4 creatures vanquished.

Grand Total: 73 creatures vanquished

Notes
Turn   | Place    | Note
-------+----------+-------------------------------------------
     0 | D:1      | nicolae the Gnoll Transmuter began the quest for the Orb.
     0 | D:1      | Reached XP level 1. HP: 17/17 MP: 6/6
   328 | D:1      | Reached XP level 2. HP: 9/23 MP: 5/7
   815 | D:1      | Learned a level 2 spell: Wereblood
   860 | D:1      | Reached skill level 5 in Spellcasting
   860 | D:1      | Reached XP level 3. HP: 10/28 MP: 5/9
  1070 | D:1      | Learned a level 3 spell: Spider Form
  1228 | D:2      | Reached skill level 1 in Invocations
  1514 | D:2      | Reached skill level 1 in Short Blades
  1514 | D:2      | Reached skill level 1 in Long Blades
  1514 | D:2      | Reached skill level 1 in Axes
  1514 | D:2      | Reached skill level 1 in Maces & Flails
  1514 | D:2      | Reached skill level 1 in Polearms
  1514 | D:2      | Reached skill level 1 in Staves
  1514 | D:2      | Reached skill level 1 in Ranged Weapons
  1514 | D:2      | Reached skill level 1 in Throwing
  1514 | D:2      | Reached skill level 1 in Armour
  1514 | D:2      | Reached skill level 1 in Stealth
  1514 | D:2      | Reached skill level 1 in Shields
  1514 | D:2      | Reached skill level 1 in Evocations
  1641 | D:2      | Found a sparkling altar of Nemelex Xobeh.
  1642 | D:2      | Found Inofo's Magic Scroll Emporium.
  1648 | D:2      | Bought a scroll of identify for 20 gold pieces
  1648 | D:2      | Bought a scroll of blinking for 75 gold pieces
  1897 | D:2      | Reached XP level 4. HP: 34/34 MP: 9/11
  2106 | D:3      | Noticed Robin
  2504 | D:3      | Killed Robin
  2505 | D:3      | Reached skill level 1 in Conjurations
  2505 | D:3      | Reached skill level 1 in Hexes
  2505 | D:3      | Reached skill level 1 in Summonings
  2505 | D:3      | Reached skill level 1 in Necromancy
  2505 | D:3      | Reached skill level 1 in Translocations
  2505 | D:3      | Reached skill level 1 in Fire Magic
  2505 | D:3      | Reached skill level 1 in Ice Magic
  2505 | D:3      | Reached skill level 1 in Air Magic
  2505 | D:3      | Reached skill level 1 in Earth Magic
  2505 | D:3      | Reached skill level 1 in Poison Magic
  2624 | D:3      | Noticed Jessica
  2637 | D:3      | Killed Jessica
  2638 | D:3      | Reached XP level 5. HP: 27/40 MP: 12/12
  2709 | D:3      | Learned a level 4 spell: Ice Form
  2709 | D:3      | Noticed Terence
  2727 | D:3      | Killed Terence
  3279 | D:3      | Found a faded altar of an unknown god.
  3415 | D:4      | HP: 1/61 [poisoned by a scorpion]
  3416 | D:4      | Succumbed to a scorpion's poison

Illustrated notes

Levels and vault maps discovered:
D:1:      dpeg_arrival_fog, layout_basic
D:2:      layout_loops_cross, basic_altar, serial_shops, shop_scrolls,
          hangedman_decor_growths, minmay_rat_gold_closets
D:3:      layout_rooms, shapermc_ecumenical_altar_petra, uniq_jessica,
          uniq_terence, uniq_robin
D:4:      layout_basic, gammafunk_ghost_icy

Skill      XL: |  1  2  3  4  5 |
---------------+----------------+-----
Spellcasting   | 5 |  5.2
Invocations    | 1 |  1.7
Short Blades   | 1 |  1.5
Long Blades    | 1 |  1.5
Axes           | 1 |  1.5
Maces & Flails | 1 |  1.5
Polearms       | 1 |  1.5
Staves         | 1 |  1.5
Ranged Weapons | 1 |  1.5
Throwing       | 1 |  1.5
Armour         | 1 |  1.5
Stealth        | 1 |  1.5
Shields        | 1 |  1.5
Evocations     | 1 |  1.5
Conjurations   | 1 |  1.2
Hexes          | 1 |  1.2
Summonings     | 1 |  1.2
Necromancy     | 1 |  1.2
Translocations | 1 |  1.2
Fire Magic     | 1 |  1.2
Ice Magic      | 1 |  1.2
Air Magic      | 1 |  1.2
Earth Magic    | 1 |  1.2
Poison Magic   | 1 |  1.2
Fighting       | 3 |  3.0
Transmutations | 4 |  4.0
Dodging        | |  4.8
Unarmed Combat | |  6.7

Action                   |  1- 3 |  4- 6 || total
-------------------------+-------+-------++-------
Melee: Unarmed           |    99 |   100 ||   199
       Bite              |    16 |     8 ||    24
       Kick              |    12 |    15 ||    27
       Punch             |     2 |     4 ||     6
       Headbutt          |     6 |     2 ||     8
 Cast: Beastly Appendage |    10 |     7 ||    17
       Wereblood         |     1 |     2 ||     3
       Spider Form       |       |     1 ||     1
       Ice Form          |       |     1 ||     1
  Use: Scroll            |     5 |     1 ||     6
       Potion            |       |     5 ||     5
 Stab: Sleeping          |       |     3 ||     3
Armor: Robe              |    20 |    10 ||    30
       Skin              |       |     2 ||     2
Dodge: Dodged            |    71 |    56 ||   127

Table legend: (Time is in decaauts)
 A = Elapsed time spent in this place.
 B = Non-inter-level travel time spent in this place.
 C = Inter-level travel time spent in this place.
 D = Time resting spent in this place.
 E = Time spent auto-exploring this place.
 F = Levels seen in this place.
 G = Mean time per level.
                   A        B        C        D        E       F      G
               +--------+--------+--------+--------+--------+-----+--------+
         Total |   3391 |   3291 |    100 |    628 |   2045 |   4 |  847.8 |
       Dungeon |   3391 |   3291 |    100 |    628 |   2045 |   4 |  847.8 |
               +--------+--------+--------+--------+--------+-----+--------+

Top non-repeatable levels by time:
     D:2: 1256 daAuts
     D:1: 1071 daAuts
     D:3: 972 daAuts
     D:4: 90 daAuts
